[Event "November 21 Early 2023"]
[Site "https://www.chess.com"]
[Date "2023.11.21"]
[Round "2"]
[White "Csonka, Balazs"]
[Black "Gundam, Rohit"]
[Result "1-0"]
[Board "92"]
[TimeControl "180+1"]
[WhiteFideId "742910"]
[BlackFideId "75002809"]
[WhiteElo "2399"]
[BlackElo "2415"]
[WhiteTeam "HUN"]
[BlackTeam "USA"]
[WhiteClock "0:00:27"]
[BlackClock "0:00:01"]

1. e4 e5 2. Nf3 Nc6 3. d4 exd4 4. Nxd4 Nf6 5. Nxc6 bxc6 6. e5 Qe7 7. Qe2 Nd5 8. h4 f6 9. c4 Ba6 10. Rh3 fxe5 11. Bg5 Nf6 12. Re3 d6 13. g3 h6 14. Bg2 Bb7 15. Rb3 O-O-O 16. Bxf6 Qxf6 17. Nc3 d5 18. cxd5 cxd5 19. Qg4+ Kb8 20. Nxd5 Qc6 21. Ne3 e4 22. Bxe4 Qb6 23. Rxb6 axb6 24. Bxb7 Kxb7 25. Rd1 Bd6 26. Qxg7 h5 27. Ke2 Rhe8 28. Qg6 Re5 29. Rd5 Re7 30. Qxh5 Ra8 31. Rxd6 cxd6 32. Qd5+ Kc7 33. Qxa8 1-0

[Event "November 21 Early 2023"]
[Site "https://www.chess.com"]
[Date "2023.11.21"]
[Round "2"]
[White "Marchesich, Giovanni"]
[Black "Krzyzanowski, Marcin"]
[Result "0-1"]
[Board "93"]
[TimeControl "180+1"]
[WhiteFideId "2824790"]
[BlackFideId "1132199"]
[WhiteElo "2198"]
[BlackElo "2471"]
[WhiteTeam "ITA"]
[BlackTeam "POL"]
[WhiteClock "0:00:09"]
[BlackClock "0:00:10"]

1. e4 c5 2. Nf3 d6 3. d4 cxd4 4. Nxd4 Nf6 5. Nc3 a6 6. Bc4 e6 7. Bb3 b5 8. O-O Be7 9. Qf3 Qb6 10. Be3 Qb7 11. Qg3 b4 12. Na4 Nbd7 13. f3 O-O 14. c3 Ne5 15. cxb4 Qxb4 16. Nc2 Qb7 17. Nb6 Rb8 18. Nxc8 Rfxc8 19. Nd4 a5 20. Rac1 a4 21. Bxa4 Qxb2 22. Bb3 Rxc1 23. Rxc1 Nh5 24. Qf2 Qxf2+ 25. Bxf2 Nf4 26. Nc6 Nxc6 27. Rxc6 Nd3 28. Rc7 Bd8 29. Rd7 Nxf2 30. Kxf2 Bb6+ 31. Ke2 Bc5 32. Kd3 g5 33. Kc2 Rc8 34. Kd3 Bb4 35. Bc4 h5 36. Rb7 Ba3 37. Rb3 Ra8 38. h3 Kg7 39. Rb5 Kf6 40. Kc2 Bc5 41. Kd3 Ke5 42. Rb7 d5 43. exd5 exd5 44. Bb3 f6 45. Rb5 Kd6 46. Rb7 h4 47. Rf7 Ke5 48. Rc7 Bd6 49. Rb7 Rc8 50. Rb5 Bc5 51. a4 Kd6 52. Ra5 Re8 53. Ra6+ Ke5 54. a5 f5 55. Rc6 Bg1 56. a6 Kf4 57. Rc2 Re3+ 58. Kd2 Rxb3 59. Ra2 Be3+ 60. Ke2 d4 61. a7 d3+ 0-1

[Event "November 21 Early 2023"]
[Site "https://www.chess.com"]
[Date "2023.11.21"]
[Round "2"]
[White "NovozhilovSemen"]
[Black "ploxoi"]
[Result "1-0"]
[Board "94"]
[TimeControl "180+1"]
[WhiteElo "2741"]
[BlackElo "2410"]
[WhiteClock "0:00:07"]
[BlackClock "0:00:11"]

1. d4 e6 2. c4 d5 3. Nf3 c6 4. Qc2 Nf6 5. Nbd2 Nbd7 6. g3 Be7 7. Bg2 O-O 8. O-O b6 9. e4 Bb7 10. e5 Ne8 11. cxd5 exd5 12. Re1 Nc7 13. Nf1 Ne6 14. Ne3 Re8 15. Nf5 Bf8 16. h4 h6 17. g4 Rc8 18. g5 h5 19. g6 fxg6 20. Ng3 Bb4 21. Rd1 Ndf8 22. Bh3 Qd7 23. Ng5 c5 24. Nxe6 Nxe6 25. Qxg6 cxd4 26. Nxh5 Qf7 27. Nf6+ Kf8 28. Qxf7+ Kxf7 29. Nxe8 Rxe8 30. a3 Be7 31. h5 Ba6 32. Bg4 d3 33. Be3 Bc4 34. f4 Bc5 35. Kf2 Nxf4 36. Kf3 Ne6 37. Rf1 Ke7 38. Bxc5+ bxc5 39. Ke3 d4+ 40. Kd2 Rb8 41. Rab1 Ng5 42. Bf5 Bd5 43. Bxd3 c4 44. Bf5 Rb3 45. Bg6 Nf3+ 46. Kc2 Re3 47. e6 Kxe6 48. Rbd1 Ke5 49. Kc1 a5 50. Rf2 a4 51. Rg2 d3 52. Rg3 Kf4 53. Rh3 d2+ 54. Kb1 Nd4 55. Rh4+ Kg5 56. Rxd4 Bf3 57. R1xd2 Re1+ 58. Ka2 Bd1 1-0

[Event "November 21 Early 2023"]
[Site "https://www.chess.com"]
[Date "2023.11.21"]
[Round "2"]
[White "Martin Duque, Jesus"]
[Black "Begmuratov, Alisher"]
[Result "0-1"]
[Board "95"]
[TimeControl "180+1"]
[WhiteFideId "2208954"]
[BlackFideId "14203367"]
[WhiteElo "2319"]
[BlackElo "2387"]
[WhiteTeam "ESP"]
[BlackTeam "UZB"]
[WhiteClock "0:00:18"]
[BlackClock "0:00:32"]

1. Nf3 Nf6 2. b3 d5 3. Bb2 e6 4. g3 Be7 5. Bg2 O-O 6. O-O c5 7. c4 d4 8. e3 Nc6 9. exd4 cxd4 10. Re1 a5 11. Ne5 Nxe5 12. Rxe5 Nd7 13. Bxd4 Nxe5 14. Bxe5 a4 15. Nc3 axb3 16. axb3 Rxa1 17. Qxa1 Bf6 18. Ne4 Bxe5 19. Qxe5 f6 20. Qd6 f5 21. Qxd8 Rxd8 22. Nc5 b6 23. Na4 Rxd2 24. Nxb6 Rd1+ 25. Bf1 Bb7 26. f4 Rb1 27. Nd7 Rxb3 28. Nc5 Rb2 29. Nxe6 Be4 30. c5 Rc2 31. Bb5 Bd5 32. Bd7 g6 33. Nc7 Be4 34. Na6 Bb7 35. Be6+ Kg7 36. Nb4 Rxc5 37. Nd3 Rc2 38. Ne1 Re2 0-1

[Event "November 21 Early 2023"]
[Site "https://www.chess.com"]
[Date "2023.11.21"]
[Round "2"]
[White "Komov, Roman"]
[Black "Nguyen, Thi Mai Hung"]
[Result "1-0"]
[Board "96"]
[TimeControl "180+1"]
[WhiteFideId "24175714"]
[BlackFideId "12401676"]
[WhiteElo "2189"]
[BlackElo "2067"]
[WhiteTeam "RUS"]
[BlackTeam "VIE"]
[WhiteClock "0:01:30"]
[BlackClock "0:00:00"]

1. e4 e6 2. d4 d5 3. e5 c5 4. c3 Nc6 5. Nf3 Qb6 6. a3 c4 7. Nbd2 Nh6 8. b3 cxb3 9. Nxb3 Nf5 10. Bd3 Na5 11. Nxa5 Qxa5 12. Bd2 Qc7 13. O-O Bd7 14. a4 Be7 15. Qb3 O-O 16. g4 Nh4 17. Nxh4 Bxh4 18. f4 h6 19. Qd1 a6 20. g5 hxg5 21. fxg5 f5 22. exf6 Be8 23. Qg4 Bxg5 24. Qxg5 Rc8 25. fxg7 Qxg7 26. Qxg7+ Kxg7 27. Bh6+ Kxh6 28. Rxf8 Rxc3 29. Rxe8 Rxd3 30. Rxe6+ Kg5 31. Re5+ Kg4 32. Rxd5 Rd2 33. Rd7 b6 34. Rf1 b5 35. axb5 axb5 36. Rg7+ Kh5 37. Rf8 Rd1+ 38. Kf2 1-0

[Event "November 21 Early 2023"]
[Site "https://www.chess.com"]
[Date "2023.11.21"]
[Round "2"]
[White "Friedland, Moshe"]
[Black "De Silva, L M S T"]
[Result "1-0"]
[Board "97"]
[TimeControl "180+1"]
[WhiteFideId "2812843"]
[BlackFideId "9953698"]
[WhiteElo "2186"]
[BlackElo "2372"]
[WhiteTeam "ISR"]
[BlackTeam "SRI"]
[WhiteClock "0:01:06"]
[BlackClock "0:00:07"]

1. e4 c6 2. d4 d5 3. Nc3 dxe4 4. Nxe4 Bf5 5. Ng3 Bg6 6. h4 h6 7. Nf3 Nd7 8. Bd3 Bxd3 9. Qxd3 Ngf6 10. Bd2 e6 11. O-O-O Be7 12. Qe2 O-O 13. Nf1 Qc7 14. g4 Nxg4 15. Rg1 Ndf6 16. Ne5 h5 17. Ng3 g6 18. Nxh5 gxh5 19. Nxg4 hxg4 20. Rxg4+ Kh8 21. Rg5 Rg8 22. Rh5+ Kg7 23. Bh6+ Kh7 24. Bf8+ 1-0

[Event "November 21 Early 2023"]
[Site "https://www.chess.com"]
[Date "2023.11.21"]
[Round "2"]
[White "Hua, Lefong"]
[Black "Ishbaev, Alibek"]
[Result "1/2-1/2"]
[Board "98"]
[TimeControl "180+1"]
[WhiteFideId "2602253"]
[BlackFideId "14205017"]
[WhiteElo "2729"]
[BlackElo "2391"]
[WhiteTeam "CAN"]
[BlackTeam "UZB"]
[WhiteClock "0:00:37"]
[BlackClock "0:00:36"]

1. d4 c5 2. d5 f5 3. Nc3 Nf6 4. Nf3 g6 5. a4 Bg7 6. g3 O-O 7. Bg2 d6 8. O-O Na6 9. Nd2 Nb4 10. Nc4 Bd7 11. Re1 a6 12. a5 Bb5 13. Nb6 Rb8 14. Nxb5 axb5 15. c3 Na6 16. Qb3 b4 17. cxb4 Nxb4 18. Bd2 Nd7 19. Bxb4 Nxb6 20. Bxc5 Nd7 21. Ba7 Ra8 22. Qxb7 Qc8 23. a6 Bxb2 24. Ra2 Bf6 25. Rb1 Nc5 26. Qxc8 Rfxc8 27. Bxc5 Rxc5 28. a7 Rcc8 29. e3 Kf7 30. Bf1 Rc7 31. Bb5 Rcxa7 32. Rxa7 Rxa7 33. Bc6 Ra1 34. Rxa1 Bxa1 35. Kf1 Be5 36. Ke2 Kf6 37. Kd3 Bb2 38. Bd7 Ba3 39. Be6 Bc5 40. f3 Bb6 41. h3 Bc5 42. Bg8 h6 43. Be6 Bb4 44. e4 fxe4+ 45. Kxe4 Be1 46. g4 g5 47. Bf5 Bd2 48. Be6 Bf4 49. Kd3 Be5 50. Ke3 Bf4+ 51. Kf2 Be5 52. Kg2 Bf4 53. Kf2 Be5 54. Ke3 Bf4+ 55. Ke4 Be5 56. Ke3 1/2-1/2

[Event "November 21 Early 2023"]
[Site "https://www.chess.com"]
[Date "2023.11.21"]
[Round "2"]
[White "Tarasova, Viktoriya"]
[Black "Orujov2008"]
[Result "0-1"]
[Board "99"]
[TimeControl "180+1"]
[WhiteFideId "4175840"]
[WhiteElo "2182"]
[BlackElo "2726"]
[WhiteTeam "RUS"]
[WhiteClock "0:00:01"]
[BlackClock "0:00:11"]

1. d4 d5 2. c4 c6 3. Nf3 Nf6 4. Nc3 e6 5. Bg5 dxc4 6. e4 b5 7. e5 h6 8. Bh4 g5 9. Nxg5 hxg5 10. Bxg5 Be7 11. exf6 Bxf6 12. Be3 Bb7 13. Qf3 Nd7 14. Ne4 Be7 15. Be2 c5 16. Nd6+ Bxd6 17. Qxb7 Rb8 18. Qc6 Qb6 19. Qxb6 Rxb6 20. h4 Rc6 21. g3 cxd4 22. Bxd4 Rh7 23. O-O Be5 24. Rfd1 Bxd4 25. Rxd4 Nb6 26. Rad1 a5 27. Rd8+ Ke7 28. Bf3 Rc8 29. R8d4 b4 30. Be4 Rg7 31. Kg2 c3 32. bxc3 bxc3 33. Rc1 Rgg8 34. Rd3 Na4 35. Rd4 Nb2 36. Rc2 a4 37. Bf3 a3 38. Rb4 Rgd8 39. Rb3 Rd2 40. Rcxc3 Rxc3 41. Rxc3 Nd3 42. Rc7+ Kd6 43. Rxf7 Rxa2 44. h5 Rxf2+ 45. Kh3 Ne5 46. Ra7 Rxf3 47. h6 Rf6 48. Rxa3 Rxh6+ 49. Kg2 Rg6 50. Ra6+ Ke7 51. Ra7+ Kf6 52. Ra6 Nd7 53. Ra1 Nb6 54. Rf1+ Ke7 55. Rb1 Nd5 56. Rf1 e5 57. Re1 Ke6 58. Kf3 Nf6 59. Ra1 Rg8 60. Ra6+ Kf5 61. Ra5 Rb8 62. Rc5 Rb3+ 63. Kg2 Rxg3+ 64. Kxg3 Ne4+ 65. Kf3 Nxc5 66. Ke3 e4 67. Ke2 Ke5 68. Ke3 Nd7 69. Ke2 Kd4 70. Kd2 e3+ 71. Ke2 Ke4 72. Ke1 Kd3 73. Kd1 e2+ 74. Ke1 Nb8 75. Kf2 Kd2 0-1

[Event "November 21 Early 2023"]
[Site "https://www.chess.com"]
[Date "2023.11.21"]
[Round "2"]
[White "Karthik Rajaa"]
[Black "Koridze, Lile"]
[Result "1/2-1/2"]
[Board "100"]
[TimeControl "180+1"]
[WhiteFideId "25035215"]
[BlackFideId "13612514"]
[WhiteElo "2276"]
[BlackElo "2061"]
[WhiteTeam "IND"]
[BlackTeam "GEO"]
[WhiteClock "0:00:10"]
[BlackClock "0:00:16"]

1. Nf3 Nf6 2. c4 e6 3. g3 d5 4. Bg2 d4 5. O-O c5 6. d3 Be7 7. e3 Nc6 8. exd4 cxd4 9. Re1 O-O 10. Na3 Bxa3 11. bxa3 Re8 12. Ng5 e5 13. Ne4 Bf5 14. Rb1 Nxe4 15. Bxe4 Bxe4 16. Rxe4 Qd7 17. Re1 f5 18. Rb5 e4 19. Rd5 Qf7 20. Bf4 Rad8 21. Rxd8 Rxd8 22. dxe4 fxe4 23. Rxe4 Qxc4 24. Bg5 Rf8 25. Qb3 Qxb3 26. axb3 Rf5 27. Bd2 Re5 28. Rxe5 Nxe5 29. Kg2 Kf7 30. f4 Nd3 31. Kf3 Nc5 32. b4 Nb3 33. Be1 Ke6 34. Ke4 Kd6 35. Bf2 Nd2+ 36. Kxd4 Nf3+ 37. Ke4 Nxh2 38. Bxa7 Kc6 39. Bd4 g6 40. Be3 Ng4 41. Bg1 Kb5 42. f5 gxf5+ 43. Kxf5 Nh6+ 44. Kg5 Ng8 45. Be3 Ka4 46. Bc1 Kb3 47. b5 Kc2 48. Bf4 Kb3 49. Bd6 Ka4 50. b6 Kb5 51. Bc7 Ka4 52. Kf5 Kxa3 53. Ke6 Kb4 54. Kf7 Nh6+ 55. Kf6 Kb5 56. Kg7 Nf5+ 57. Kxh7 Nxg3 58. Bxg3 Kxb6 59. Kg6 Kc5 60. Be1 Kc4 61. Kf5 b5 62. Ke5 b4 63. Bxb4 1/2-1/2

[Event "November 21 Early 2023"]
[Site "https://www.chess.com"]
[Date "2023.11.21"]
[Round "2"]
[White "Mohammed, Zozek Salah Mohammed"]
[Black "Sattarov, Bobir"]
[Result "1-0"]
[Board "101"]
[TimeControl "180+1"]
[WhiteFideId "4803361"]
[BlackFideId "14203081"]
[WhiteElo "2211"]
[BlackElo "2351"]
[WhiteTeam "IRQ"]
[BlackTeam "UZB"]
[WhiteClock "0:00:07"]
[BlackClock "0:00:00"]

1. d4 Nf6 2. Nf3 c5 3. g3 cxd4 4. Nxd4 Nc6 5. Bg2 Qb6 6. Nb3 e6 7. O-O Be7 8. c4 O-O 9. Nc3 d6 10. Bg5 Ne5 11. Na4 Qc7 12. Rc1 Bd7 13. Nd4 Nxc4 14. b3 Bxa4 15. Qd3 Bd7 16. Rxc4 Qa5 17. Bxf6 Bxf6 18. Bxb7 d5 19. Rc2 Rab8 20. Nc6 Bxc6 21. Bxc6 g6 22. Rfc1 Kg7 23. e4 dxe4 24. Bxe4 Rfd8 25. Qf3 Rd2 26. Rxd2 Qxd2 27. Rc2 Qe1+ 28. Kg2 Rd8 29. Qe2 Qa1 30. Rd2 Bd4 31. Bf3 Rc8 32. Qd3 Bb6 33. Qd7 Rc1 34. Bg4 Rg1+ 35. Kh3 Qf1+ 36. Kh4 Qg2 37. f4 Qe4 38. Re2 Qd4 39. Bxe6 Qf6+ 40. Kh3 h5 41. Bxf7 Kh6 42. Qe6 Qxe6+ 43. Rxe6 Kg7 44. Bxg6 h4 45. g4 Rf1 46. f5 Bd8 47. Kg2 Rb1 48. Re2 1-0

[Event "November 21 Early 2023"]
[Site "https://www.chess.com"]
[Date "2023.11.21"]
[Round "2"]
[White "Halkias, Stelios"]
[Black "Mikhailova, Irina"]
[Result "1-0"]
[Board "102"]
[TimeControl "180+1"]
[WhiteFideId "4201809"]
[BlackFideId "4109040"]
[WhiteElo "2462"]
[BlackElo "2009"]
[WhiteTeam "GRE"]
[BlackTeam "RUS"]
[WhiteClock "0:00:49"]
[BlackClock "0:00:55"]

1. Nf3 Nf6 2. c4 g6 3. Nc3 d5 4. cxd5 Nxd5 5. h4 h5 6. e4 Nxc3 7. bxc3 c5 8. d4 cxd4 9. cxd4 Bg7 10. Bb5+ Nc6 11. O-O O-O 12. Bxc6 bxc6 13. Be3 Bg4 14. Rc1 e6 15. Rxc6 Bxf3 16. Qxf3 Qxh4 17. d5 exd5 18. exd5 Rfd8 19. Rd1 Rd7 20. d6 Rad8 21. Rc7 Be5 22. Rxd7 Rxd7 23. Bc5 Bh2+ 24. Kf1 Qc4+ 25. Qe2 Qxe2+ 26. Kxe2 f6 27. g3 h4 28. Kf3 Kf7 29. Kg2 hxg3 30. fxg3 1-0

[Event "November 21 Early 2023"]
[Site "https://www.chess.com"]
[Date "2023.11.21"]
[Round "2"]
[White "Goltsev, Dmitry"]
[Black "Kornyukov, Alexey"]
[Result "1-0"]
[Board "103"]
[TimeControl "180+1"]
[WhiteFideId "24176710"]
[BlackFideId "4150457"]
[WhiteElo "2370"]
[BlackElo "2352"]
[WhiteTeam "RUS"]
[BlackTeam "RUS"]
[WhiteClock "0:00:35"]
[BlackClock "0:00:07"]

1. e4 c5 2. Nf3 Nc6 3. d4 cxd4 4. Nxd4 e5 5. Nf5 d5 6. Qxd5 Qxd5 7. exd5 Bxf5 8. dxc6 bxc6 9. Bd3 Bxd3 10. cxd3 O-O-O 11. Ke2 Nf6 12. Nc3 Nd5 13. Ne4 h6 14. Be3 f5 15. Nc3 Nxe3 16. fxe3 Bb4 17. Rac1 Bxc3 18. Rxc3 Kc7 19. Rhc1 Rd6 20. b4 Kb7 21. a4 Rhd8 22. a5 a6 23. Rc5 Rxd3 24. Rxc6 Rd2+ 25. Kf3 e4+ 26. Kg3 R8d7 27. Rb6+ Ka7 28. Rcc6 R2d3 29. Rxa6+ Kb7 30. Rcb6+ Kc7 31. Kf4 R7d5 32. h4 g5+ 33. hxg5 hxg5+ 34. Kxg5 Rxe3 35. Ra7+ Kc8 36. Rh6 Rg3+ 37. Kh4 Rg4+ 38. Kh3 Kb8 39. Rf7 Rg8 40. a6 e3 41. Re6 Rd3 42. b5 e2+ 43. Kh2 Rh8+ 44. Kg1 Rd1+ 45. Kf2 e1=Q+ 46. Rxe1 Rxe1 47. Kxe1 Rh2 48. Kf2 Rh5 49. b6 Kc8 50. Rf8+ Kd7 51. a7 1-0

[Event "November 21 Early 2023"]
[Site "https://www.chess.com"]
[Date "2023.11.21"]
[Round "2"]
[White "komogro"]
[Black "Mohammad Fahad, Rahman"]
[Result "1-0"]
[Board "104"]
[TimeControl "180+1"]
[BlackFideId "10207791"]
[WhiteElo "2326"]
[BlackElo "2339"]
[BlackTeam "BAN"]
[WhiteClock "0:00:05"]
[BlackClock "0:00:13"]

1. d4 d5 2. c4 e6 3. Nf3 Nf6 4. Nc3 a6 5. cxd5 exd5 6. Bg5 Be6 7. e3 Nbd7 8. Bd3 c6 9. O-O Bd6 10. Qc2 h6 11. Bh4 O-O 12. Rab1 Bg4 13. Nd2 Qc7 14. Bg3 Bxg3 15. hxg3 Rfe8 16. b4 b5 17. a4 Nb6 18. axb5 cxb5 19. Nb3 Nc4 20. Ra1 Reb8 21. Nc5 a5 22. bxa5 b4 23. Nxd5 Nxd5 24. Bxc4 Nf6 25. a6 Bc8 26. Qb3 Qe7 27. Ra4 Ng4 28. Rxb4 Rxb4 29. Qxb4 Qg5 30. Be2 Nf6 31. Bf3 Rxa6 32. Qb8 Ra2 33. Qxc8+ Kh7 34. Nd7 Nxd7 35. Qxd7 f5 36. Bd5 Ra5 37. Qf7 Qd8 38. Qxf5+ Kh8 39. e4 Ra4 40. Qe5 Ra7 41. Rb1 Re7 42. Rb8 Rxe5 43. Rxd8+ Re8 44. Rxe8+ Kh7 45. Bg8+ Kg6 46. d5 Kg5 47. d6 Kh5 48. d7 g5 49. d8=Q g4 50. Qd5+ Kg6 51. Re6+ Kg7 52. Qd7+ Kh8 53. Rxh6+ Kxg8 54. Rh7 Kf8 55. Qf7# 1-0

[Event "November 21 Early 2023"]
[Site "https://www.chess.com"]
[Date "2023.11.21"]
[Round "2"]
[White "Nagy, Gabor"]
[Black "Lesbekova, Assel"]
[Result "1-0"]
[Board "105"]
[TimeControl "180+1"]
[WhiteFideId "737119"]
[BlackFideId "13713248"]
[WhiteElo "2505"]
[BlackElo "1861"]
[WhiteTeam "HUN"]
[BlackTeam "KGZ"]
[WhiteClock "0:01:01"]
[BlackClock "0:00:21"]

1. e4 e5 2. Nf3 Nf6 3. d4 Nxe4 4. Bd3 d5 5. dxe5 Nc5 6. Be2 Be7 7. O-O O-O 8. h3 Ne6 9. Nbd2 c5 10. Re1 Nc6 11. Bf1 Qc7 12. c4 Rd8 13. cxd5 Rxd5 14. Bc4 Rd8 15. b3 a6 16. Bb2 b5 17. Bf1 Ncd4 18. Nxd4 Nxd4 19. Rc1 Qd7 20. Ne4 Ne6 21. Qg4 Kh8 22. Rcd1 Nd4 23. Qxd7 Rxd7 24. b4 Ne6 25. bxc5 Nxc5 26. Nd6 Bf8 27. Be2 Nb7 28. Bg4 Nxd6 29. Bxd7 Nc4 30. Bxc8 Nxb2 31. Rd8 Kg8 32. e6 1-0

[Event "November 21 Early 2023"]
[Site "https://www.chess.com"]
[Date "2023.11.21"]
[Round "2"]
[White "Hoffmann, Asa"]
[Black "reevecanada"]
[Result "1-0"]
[Board "106"]
[TimeControl "180+1"]
[WhiteFideId "2001470"]
[WhiteElo "2117"]
[BlackElo "2706"]
[WhiteTeam "USA"]
[WhiteClock "0:00:51"]
[BlackClock "0:01:42"]

1. d4 Nf6 2. Bg5 Ne4 3. Bf4 d5 4. f3 Nf6 5. e4 c5 6. e5 Nfd7 7. c3 Nc6 8. Be3 cxd4 9. cxd4 Qb6 10. Qd2 e6 11. f4 g6 12. Nc3 h5 13. Nf3 a6 14. Bd3 Be7 15. O-O Nf8 16. a3 Na5 17. Rab1 Nb3 18. Qd1 Bd7 19. Bc2 Na5 20. Na4 Qd8 21. Nc5 Bxc5 22. dxc5 Nc4 23. Bd4 Bc6 24. Ng5 Nd7 25. Nxe6 fxe6 26. Bxg6+ Ke7 27. f5 Ndxe5 28. f6+ Kd7 29. Bxh5 Bb5 30. b3 Nxa3 31. Bxe5 Nxb1 32. Bg4 Bxf1 33. Qxd5+ Ke8 34. Qxe6+ Kf8 35. Bd6+ Qxd6 36. Qxd6+ Kg8 37. Qe6+ Kh7 38. Qf7+ Kh6 39. Qg7# 1-0

[Event "November 21 Early 2023"]
[Site "https://www.chess.com"]
[Date "2023.11.21"]
[Round "2"]
[White "Hasangatin, Ramil"]
[Black "Bobomurodova, Maftuna"]
[Result "1/2-1/2"]
[Board "107"]
[TimeControl "180+1"]
[WhiteFideId "4122160"]
[BlackFideId "14207400"]
[WhiteElo "2317"]
[BlackElo "1814"]
[WhiteTeam "RUS"]
[BlackTeam "UZB"]
[WhiteClock "0:00:20"]
[BlackClock "0:00:06"]

1. e4 e5 2. Nf3 Nc6 3. Bb5 Nf6 4. d3 Bc5 5. Bxc6 dxc6 6. Bg5 Qe7 7. Nbd2 h6 8. Bh4 Bd6 9. Nc4 Bg4 10. h3 Bxf3 11. Qxf3 O-O-O 12. Bxf6 Qxf6 13. Qxf6 gxf6 14. Ne3 h5 15. h4 Rdg8 16. g3 Kd7 17. Nf5 c5 18. Ke2 c6 19. a4 b6 20. a5 b5 21. a6 Rb8 22. b3 Bc7 23. Rhe1 Bd6 24. Red1 Bc7 25. Kf3 Bd6 26. Kg2 b4 27. Kh3 Rhd8 28. Re1 Bf8 29. Re3 Ke6 30. Rf3 Rd7 31. Ne3 Be7 32. Rf5 Rh8 33. Nc4 Rdd8 34. Na5 Kd7 35. Re1 Rdg8 36. Re3 Rb8 37. Nc4 Rbg8 38. Re1 Rb8 39. Rg1 Rbg8 40. Rg2 Rg6 41. f3 Rgh6 42. f4 exf4 43. gxf4 Rg6 44. Rf2 Rhg8 45. Rxh5 Rg3+ 46. Kh2 R3g4 47. Ne3 Rg1 48. Rg2 R8xg2+ 49. Nxg2 Rc1 50. Rf5 Rxc2 51. h5 Ke6 52. h6 Bf8 53. Rh5 Rc3 54. h7 Bg7 55. h8=Q Bxh8 56. Rxh8 Rxb3 57. Ra8 Rxd3 58. Rxa7 Ra3 59. Ra8 b3 60. a7 Kd7 61. Rf8 Rxa7 62. Rxf7+ Kc8 63. Rxa7 b2 64. e5 fxe5 65. fxe5 b1=Q 66. e6 Qf5 67. Ra8+ Kc7 68. e7 Qe5+ 69. Kg1 Qxe7 70. Ra3 Kd6 71. Re3 Qg5 72. Kf2 c4 73. Ne1 Kc5 74. Nf3 Qf4 75. Ke2 Kb4 76. Ne5 Qh2+ 77. Kf3 c3 78. Nxc6+ Kb3 79. Nd4+ Kc4 80. Ne2 Qh3+ 81. Kf2 Qf5+ 82. Rf3 Qc5+ 83. Ke1 Qa3 84. Rxc3+ Qxc3+ 85. Nxc3 1/2-1/2

[Event "November 21 Early 2023"]
[Site "https://www.chess.com"]
[Date "2023.11.21"]
[Round "2"]
[White "Shoker, Samy"]
[Black "Pumpkin_in_moonlight"]
[Result "1-0"]
[Board "108"]
[TimeControl "180+1"]
[WhiteFideId "627143"]
[WhiteElo "2475"]
[BlackElo "2300"]
[WhiteTeam "EGY"]
[WhiteClock "0:01:49"]
[BlackClock "0:00:00"]

1. Nf3 Nf6 2. g3 g6 3. Bg2 Bg7 4. O-O O-O 5. d3 c5 6. c3 Nc6 7. a3 a5 8. a4 d5 9. Na3 e5 10. e4 dxe4 11. dxe4 Qxd1 12. Rxd1 Be6 13. Re1 h6 14. Be3 b6 15. Nd2 Ng4 16. Ndc4 Nxe3 17. Nxe3 Ne7 18. Nac4 Rab8 19. Red1 Nc8 20. Rd2 Re8 21. Rad1 Bf6 22. h4 h5 23. Kh2 Kf8 24. Bh3 Rb7 25. Bxe6 Rxe6 26. Kg2 Kg7 27. Rd7 Rxd7 28. Rxd7 Ne7 29. Nd6 1-0

[Event "November 21 Early 2023"]
[Site "https://www.chess.com"]
[Date "2023.11.21"]
[Round "2"]
[White "Nekoo04"]
[Black "Shuvalova, Polina"]
[Result "0-1"]
[Board "109"]
[TimeControl "180+1"]
[BlackFideId "24171760"]
[WhiteElo "2291"]
[BlackElo "2342"]
[BlackTeam "RUS"]
[WhiteClock "0:00:13"]
[BlackClock "0:01:25"]

1. d4 Nf6 2. c4 e6 3. g3 d5 4. Nf3 Be7 5. Bg2 O-O 6. O-O c6 7. Qc2 b6 8. Bf4 Bb7 9. Nc3 Nbd7 10. cxd5 cxd5 11. Rfc1 Rc8 12. a4 a6 13. Qb3 h6 14. Ne1 Ne8 15. Nd3 Nd6 16. Qd1 Nb8 17. a5 bxa5 18. Nc5 Ba8 19. Qa4 Nc6 20. Bxd6 Bxd6 21. e4 Nxd4 22. Nxa6 Rc4 23. Qxa5 Qxa5 24. Rxa5 Nb3 25. Raa1 Nxc1 26. Rxc1 Bb7 0-1

[Event "November 21 Early 2023"]
[Site "https://www.chess.com"]
[Date "2023.11.21"]
[Round "2"]
[White "Alhadad, Mahmoud"]
[Black "Zakaryan, David"]
[Result "0-1"]
[Board "110"]
[TimeControl "180+1"]
[WhiteFideId "11501863"]
[BlackFideId "24101923"]
[WhiteElo "1955"]
[BlackElo "2323"]
[WhiteTeam "PLE"]
[BlackTeam "RUS"]
[WhiteClock "0:00:05"]
[BlackClock "0:00:25"]

1. e4 c5 2. Nc3 Nc6 3. Bb5 Nd4 4. Nf3 e6 5. O-O a6 6. Bd3 Nc6 7. Re1 d6 8. Bf1 Nf6 9. d3 Be7 10. g3 Qc7 11. Bg2 O-O 12. h3 b5 13. Nh2 Bb7 14. f4 b4 15. Ne2 d5 16. e5 Nd7 17. g4 f6 18. exf6 Bxf6 19. Ng3 Bh4 20. Nhf1 Rae8 21. Re2 Nd4 22. Rf2 e5 23. f5 g5 24. c3 bxc3 25. bxc3 Nb5 26. Qb3 e4 27. dxe4 Bxg3 28. Nxg3 c4 29. Qd1 Qxg3 30. Bxg5 Nxc3 31. Qd4 Nxe4 32. Rf3 Qe5 33. Qxe5 Nxe5 34. Ra3 Nxg5 35. Ra5 Nd3 36. Rb1 Ba8 37. Rxa6 Re2 38. Rxa8 Rxg2+ 39. Kxg2 Rxa8 40. Rb5 Ne4 41. Rxd5 Nf4+ 42. Kf3 Nxd5 43. Kxe4 Nc3+ 44. Kd4 Nxa2 45. Kxc4 Rd8 46. h4 Nc1 47. g5 Ne2 48. f6 Nf4 49. Kc5 Kf7 50. Kc6 Rd1 51. Kc7 Rh1 52. Kd6 Rxh4 53. Ke5 Ng6+ 54. Kf5 Rf4# 0-1

[Event "November 21 Early 2023"]
[Site "https://www.chess.com"]
[Date "2023.11.21"]
[Round "2"]
[White "Nissinen, Niilo Man"]
[Black "Diaz Perez, Michel Alejandro"]
[Result "0-1"]
[Board "111"]
[TimeControl "180+1"]
[WhiteFideId "30950767"]
[BlackFideId "3517179"]
[WhiteElo "1854"]
[BlackElo "2398"]
[WhiteTeam "HKG"]
[BlackTeam "CUB"]
[WhiteClock "0:00:00"]
[BlackClock "0:00:09"]

1. e4 d6 2. d4 Nd7 3. Nf3 Ngf6 4. Nc3 e5 5. h3 c6 6. Bc4 Be7 7. a4 a5 8. O-O O-O 9. Re1 h6 10. Be3 Re8 11. Qd2 Bf8 12. Rad1 Qc7 13. Nh4 exd4 14. Bxd4 Ne5 15. Bb3 Be6 16. Bxe6 Rxe6 17. Nf5 Rae8 18. Qf4 Kh7 19. Qg3 Ng6 20. f3 Ne7 21. Bxf6 Nxf5 22. exf5 Rxe1+ 23. Rxe1 Rxe1+ 24. Qxe1 gxf6 25. Ne4 Bg7 26. Kh1 d5 27. Nc5 b6 28. Nd3 Qd7 29. g4 Qd6 30. Kg2 c5 31. Qd2 Bf8 32. Nf4 d4 33. Nh5 Qe5 34. Ng3 Bd6 35. Ne4 Qh2+ 36. Kf1 Qxh3+ 37. Ke2 Be5 38. Qe1 h5 39. Qg1 h4 40. g5 Qh2+ 41. Qxh2 Bxh2 42. Nxf6+ Kg7 43. Kf2 Bf4 44. Nh5+ Kf8 45. Nxf4 Ke8 46. Kg2 c4 47. Kh3 b5 48. axb5 a4 49. b6 Kd7 50. g6 fxg6 51. fxg6 c3 52. bxc3 a3 53. g7 a2 54. g8=Q a1=Q 55. Qe6+ Kd8 56. Qd6+ Ke8 57. Qc6+ Kf7 58. Qe6+ Kf8 59. Ng6+ Kg7 0-1

[Event "November 21 Early 2023"]
[Site "https://www.chess.com"]
[Date "2023.11.21"]
[Round "2"]
[White "Mirzanurov, Bulat"]
[Black "Priasmoro, Novendra"]
[Result "0-1"]
[Board "112"]
[TimeControl "180+1"]
[WhiteFideId "4184521"]
[BlackFideId "7105029"]
[WhiteElo "2005"]
[BlackElo "2412"]
[WhiteTeam "RUS"]
[BlackTeam "INA"]
[WhiteClock "0:00:17"]
[BlackClock "0:01:10"]

1. e4 c5 2. Nf3 Nc6 3. Bb5 e6 4. O-O Nge7 5. Re1 a6 6. Bf1 d5 7. exd5 Nxd5 8. d4 Nf6 9. c3 cxd4 10. cxd4 Bd6 11. Nc3 O-O 12. Bg5 h6 13. Bh4 Be7 14. Bd3 Nb4 15. Bb1 Nbd5 16. Qc2 Nb4 17. Qd2 Bd7 18. Bxf6 Bxf6 19. a3 Nd5 20. Nxd5 exd5 21. Qd3 g6 22. Ne5 Bf5 23. Qd2 Bxb1 24. Raxb1 Bg7 25. Rbc1 Rc8 26. Qb4 Rc7 27. g3 Re8 28. Kg2 Qc8 29. Rxc7 Qxc7 30. Nf3 Re4 31. Qb3 Qc6 32. h4 Qe6 33. Rxe4 dxe4 34. Qxe6 exf3+ 0-1